[Event "2nd Namma Bengaluru Open-A 2025"]
[Site "Bengaluru"]
[Date "2025.04.16"]
[Round "8.1"]
[White "Petrosyan, Manuel"]
[Black "Dzhumaev, Marat"]
[Result "1/2-1/2"]
[Annotator "TA"]
[ECO "A32"]
[WhiteElo "2544"]
[BlackElo "2352"]
[PlyCount "43"]
[EventDate "2025.04.10"]
[EventType "swiss"]
[EventCountry "IND"]
[SourceTitle "playchess.com"]
[Source "ChessBase"]
[SourceQuality "1"]
[TimeControl "5400+30"]

1. d4 Nf6 2. c4 e6 3. Nf3 c5 4. g3 cxd4 5. Nxd4 Qc7 6. Nc3 a6 7. Bg2 {[%emt 0:00:30] 7.Bg2 scores better than 7.Qd3.} Qxc4 8. Bf4 Nc6 {[%emt 0:00:30] A32: Symmetrical English: 2 Nf3 Nf6 3 d4 cxd4 4 Nxd4 e6.} 9. Nb3 d5 10. Rc1 {[%emt 0:00:30][%cal Oc3d5][%mdl 1024] [#] and Nxd5! should not be overlooked White has compensation.} Qb4 11. O-O Be7 12. Bc7 (12. a3 $5 Qb6 $8 13. e4 $11) 12... O-O 13. a3 Qg4 14. e4 Qg6 $146 (14... Qxd1 15. Rfxd1 dxe4 16. Nxe4 Nd5 17. Bd6 Bxd6 18. Nxd6 Nce7 19. Na5 Rd8 20. Nxc8 Rdxc8 21. Rxc8+ Rxc8 22. Nxb7 {½-½ Ernst,S (2530)-Goganov,A (2598) Moscow Aeroflot op-A 14th 2015 (2)}) 15. exd5 exd5 16. Nxd5 Nxd5 17. Bxd5 Bg4 18. Bf3 Bh3 (18... Bxf3 $15 19. Qxf3 Bf6) 19. Bg2 Bg4 20. Bf3 Bh3 (20... Bxf3 $15 21. Qxf3 Bf6) 21. Bg2 Bg4 22. Bf3 {[%emt 0:00:30] Weighted Error Value: White=0.11 (very precise) /Black=0.16 (very precise)   Mistake:       	---       	Black=2      Inaccurate:     	White=3     	---        OK:         	White=7     	Black=5      Best:        	---       	Black=1} 1/2-1/2

[Event "2nd Namma Bengaluru Open-A 2025"]
[Site "Bengaluru"]
[Date "2025.04.16"]
[Round "8.2"]
[White "Nithin Babu"]
[Black "Pantsulaia, Levan"]
[Result "1/2-1/2"]
[Annotator "TA"]
[ECO "B41"]
[WhiteElo "2242"]
[BlackElo "2532"]
[PlyCount "79"]
[EventDate "2025.04.10"]
[EventType "swiss"]
[EventCountry "IND"]
[SourceTitle "playchess.com"]
[Source "ChessBase"]
[SourceQuality "1"]
[TimeControl "5400+30"]

1. e4 c5 2. Nf3 e6 3. d4 cxd4 4. Nxd4 a6 5. c4 Nf6 6. Nc3 Qc7 7. a3 $1 {[%emt 0:00:09] 7.a3 scores better than 7.Be2.} b6 8. f4 {[%emt 0:00:13] B41: Sicilian: Kan Variation: 5 c4.} Bb7 9. Bd3 Nc6 10. Nxc6 {[%emt 0:00:07] White is slightly better.} Bxc6 11. e5 Ng8 (11... Bxg2 $2 12. Rg1 Bc6 13. exf6 gxf6 14. Be3 $18) 12. Qe2 Nh6 $146 (12... d6 13. Nd5 Qd8 14. Nb4 Bb7 15. Bc2 Qd7 16. Be3 a5 17. Nd3 Qc7 18. f5 dxe5 {½-½ Mrva,M (2398)-Laurusas,T (2578) SVK-chT 2425 2024 (6.2)}) 13. b4 Be7 14. Bb2 O-O (14... Bh4+ $11 15. Kd2 O-O) 15. O-O-O (15. Ne4 $16) 15... f6 (15... d5 $11) 16. Kb1 $14 {[%emt 0:07:45] White is more active.} fxe5 17. fxe5 Rf7 18. Ne4 (18. Qc2 $14 {is more appropriate.}) 18... Raf8 $11 19. Bc2 Rf4 20. Rhe1 Ng4 {[%emt 0:03:37] [#] Prevents Nf6+.} (20... Bxe4 $11 21. Bxe4 a5) 21. g3 ({Only move:} 21. Nd6 $1 $16) 21... Rxe4 22. Bxe4 Bxe4+ 23. Qxe4 Nf2 24. Qd4 Nxd1 25. Rxd1 Rd8 26. Qe4 Qc6 27. Qxc6 dxc6 28. Rxd8+ {[%emt 0:00:39] Not much happening anymore} Bxd8 {[%emt 0:00:06][%mdl 4096] Endgame KB-KB} 29. Kc2 b5 30. Kd3 Kf7 31. Kd4 {[%emt 0:04:47] Hoping for Kc5.} Bb6+ 32. c5 Bd8 33. Bc1 Kg6 $1 {[%emt 0:00:58] Strongly threatening ...Bg5.} 34. Ke4 Bg5 35. Bf4 {[%emt 0:00:17][%mdl 8192] [#]} (35. Bb2 $15) 35... Bh6 $2 (35... Kh5 $1 $19 36. Kf3 Bxf4 37. Kxf4 g5+ 38. Kf3 h6) 36. h4 ({Wrong is} 36. Bxh6 $2 Kxh6 37. Kf4 Kh5 $19) 36... Kh5 37. Bxh6 Kxh6 38. g4 g6 (38... g5 $5 39. h5 $8 Kg7 $11) 39. Kf3 g5 40. h5 {[%emt 0:00:21] Weighted Error Value: White=0.32/Black=0.27 (precise)   Loses game:     	White=1     	---        Missed win:     	---       	Black=1      Mistake:       	White=3     	Black=3      Inaccurate:     	White=3     	Black=2      OK:         	White=11    	Black=14     Best:        	White=3     	Black=1      Strong:       	---       	Black=1} 1/2-1/2

[Event "2nd Namma Bengaluru Open-A 2025"]
[Site "Bengaluru"]
[Date "2025.04.16"]
[Round "8.3"]
[White "Iniyan, Pa"]
[Black "Vaz, Ethan"]
[Result "1-0"]
[Annotator "TA"]
[ECO "E66"]
[WhiteElo "2578"]
[BlackElo "2430"]
[PlyCount "73"]
[EventDate "2025.04.10"]
[EventType "swiss"]
[EventCountry "IND"]
[SourceTitle "playchess.com"]
[Source "ChessBase"]
[SourceQuality "1"]
[TimeControl "5400+30"]

1. d4 Nf6 2. c4 g6 3. Nf3 Bg7 4. g3 O-O 5. Bg2 d6 6. Nc3 c5 7. O-O Nc6 8. d5 Na5 9. Nd2 a6 10. Qc2 Rb8 11. b3 b5 12. Rb1 Bf5 13. e4 {[%emt 0:00:32] E66: King's Indian: Fianchetto: 6...c5 7 0-0 Nc6 8 d5.} Bd7 14. Nd1 $5 {[%emt 0:03:23][%mdl 4] Leaves trodden paths.} e6 15. Ne3 {[%emt 0:01:42] White is slightly better.} exd5 $146 (15... Bh6 16. Re1 e5 17. Bb2 Ne8 18. Bc3 b4 19. Bb2 Nb7 20. f3 f5 21. Ndf1 f4 {½-½ Kaptsan,A (2255)-Gentes,K (2285) Winnipeg Scorpion 1992}) 16. cxd5 h5 17. h3 Nh7 18. f4 Re8 19. e5 dxe5 {[%emt 0:02:08] NOTEXT-51077 White (d5)} 20. f5 (20. Qxc5 $2 exf4 21. gxf4 Rc8 $19) 20... e4 {[%emt 0:09:57] Black is on the road to losing.} 21. Nxe4 $16 (21. Bxe4 g5 22. Re1 (22. Qxc5 $2 {loses.} Rc8 $19) 22... c4 $11) 21... Bd4 (21... Nb7 $16 22. fxg6 (22. Nxc5 Nxc5 23. fxg6 fxg6 $15) 22... fxg6) 22. fxg6 $18 fxg6 23. Kh1 {[%emt 0:00:43][%cal Oe4c5] Nxc5! is the strong threat.} Qe7 (23... Rf8 {was called for.} 24. Bb2 (24. Nxc5 Rxf1+ 25. Bxf1 Nf8 $18) 24... Rc8) 24. d6 Qe5 {[%emt 0:02:19] [#]} (24... Qg7 $142 25. Nxc5 Rbc8) 25. Nxc5 $1 Qxc5 (25... Bc6 26. Bxc6) 26. Qxg6+ Kh8 27. Rf7 Nf8 {[%emt 0:00:33] [#]} 28. Rxf8+ $1 Rxf8 {[%emt 0:00:04] [#]} 29. Be4 $1 Bf5 (29... Rf1+ 30. Nxf1) 30. Nxf5 Rb7 31. Nxd4 {[%emt 0:02:54] Bb2 would kill now.} Rf1+ 32. Kg2 Rbf7 33. Qh6+ Kg8 {[%emt 0:00:02] [#]} 34. Bh7+ $1 Kh8 (34... Rxh7 35. Qg6+) 35. Bg6+ {[%emt 0:00:19] White mates.} Kg8 36. Bxf7+ Rxf7 37. Qg6+ {[%emt 0:00:04] Weighted Error Value: White=0.56/Black=1.25  Mistake:       	---       	Black=4      Inaccurate:     	White=2     	Black=3      OK:         	White=5     	Black=3      Best:        	White=1     	Black=2      Brilliant:      	White=1     	---} 1-0

[Event "2nd Namma Bengaluru Open-A 2025"]
[Site "Bengaluru"]
[Date "2025.04.16"]
[Round "8.4"]
[White "Hari Madhavan N B"]
[Black "Aronyak Ghosh"]
[Result "1/2-1/2"]
[Annotator "RC"]
[ECO "A14"]
[WhiteElo "2393"]
[BlackElo "2525"]
[PlyCount "41"]
[EventDate "2025.04.10"]
[EventType "swiss"]
[EventCountry "IND"]
[SourceTitle "playchess.com"]
[Source "ChessBase"]
[SourceQuality "1"]
[TimeControl "5400+30"]

1. Nf3 Nf6 2. b3 e6 3. Bb2 Be7 4. c4 c5 5. g3 b6 6. Bg2 Bb7 7. O-O O-O 8. Nc3 d5 9. cxd5 Nxd5 10. Nxd5 Bxd5 11. Qc2 Bf6 12. h4 Bxb2 13. Qxb2 Nc6 14. d3 Bxf3 15. Bxf3 Rc8 16. Bxc6 Rxc6 17. Qe5 Qc7 18. Qb2 Qd8 19. Qe5 Qc7 20. Qb2 Qd8 21. Qe5 1/2-1/2

[Event "2nd Namma Bengaluru Open-A 2025"]
[Site "Bengaluru"]
[Date "2025.04.16"]
[Round "8.5"]
[White "Chanda, Sandipan"]
[Black "Harsh Suresh"]
[Result "1/2-1/2"]
[Annotator "RC"]
[ECO "D02"]
[WhiteElo "2485"]
[BlackElo "2389"]
[PlyCount "133"]
[EventDate "2025.04.10"]
[EventType "swiss"]
[EventCountry "IND"]
[SourceTitle "playchess.com"]
[Source "ChessBase"]
[SourceQuality "1"]
[TimeControl "5400+30"]

1. d4 d5 2. Nf3 Nf6 3. Bf4 c5 4. e3 Nc6 5. Nbd2 cxd4 6. exd4 Bf5 7. Bb5 e6 8. Ne5 Qb6 9. c4 dxc4 10. Bxc6+ bxc6 11. Ndxc4 Qa6 12. Qe2 Bb4+ 13. Bd2 Bxd2+ 14. Nxd2 Qb5 15. Qxb5 cxb5 16. Rc1 Nd5 17. Nb3 f6 18. Nc6 Nf4 19. Nc5 Nxg2+ 20. Kd2 Nf4 21. a4 bxa4 22. Rc4 a3 23. b4 a2 24. Ra1 Bb1 25. b5 Kf7 26. Ra4 Nd5 27. Nb7 g5 28. R4xa2 Bxa2 29. Rxa2 e5 30. Kd3 Nc7 31. Kc4 exd4 32. Re2 Kg6 33. Re7 Nxb5 34. Kxb5 Rae8 35. Rd7 Re2 36. Nxd4 Rxf2 37. Nd6 Rxh2 38. N4f5 Rf2 39. Rg7+ Kh5 40. Rxa7 Kg4 41. Nh6+ Kh5 42. Nhf5 Rf4 43. Ra3 g4 44. Ra7 Rxf5+ 45. Nxf5 Kg6 46. Ne3 h5 47. Kc4 Rd8 48. Ra5 Rd2 49. Nf5 Rf2 50. Nh4+ Kh6 51. Kd4 Rh2 52. Nf5+ Kg6 53. Ke4 Re2+ 54. Kf4 Rf2+ 55. Ke4 Re2+ 56. Kf4 Rf2+ 57. Ke4 Kg5 58. Ng7+ f5+ 59. Rxf5+ Rxf5 60. Nxf5 h4 61. Ne3 h3 62. Nf1 Kh5 63. Kf5 Kh4 64. Kf4 g3 65. Nxg3 h2 66. Kf3 h1=Q+ 67. Nxh1 1/2-1/2

[Event "2nd Namma Bengaluru Open-A 2025"]
[Site "Bengaluru"]
[Date "2025.04.16"]
[Round "8.6"]
[White "Stany, G.A."]
[Black "Viani Antonio Dcunha"]
[Result "1/2-1/2"]
[Annotator "RC"]
[ECO "C80"]
[WhiteElo "2454"]
[BlackElo "2378"]
[PlyCount "35"]
[EventDate "2025.04.10"]
[EventType "swiss"]
[EventCountry "IND"]
[SourceTitle "playchess.com"]
[Source "ChessBase"]
[SourceQuality "1"]
[TimeControl "5400+30"]

1. e4 e5 2. Nf3 Nc6 3. Bb5 a6 4. Ba4 Nf6 5. O-O Nxe4 6. d4 b5 7. Bb3 d5 8. dxe5 Be6 9. Nbd2 Nc5 10. c3 d4 11. Bc2 d3 12. Bb1 Qd5 13. Re1 Rd8 14. Re3 Bf5 15. Nh4 Be6 16. Nhf3 Bf5 17. Nh4 Be6 18. Nhf3 1/2-1/2

[Event "2nd Namma Bengaluru Open-A 2025"]
[Site "Bengaluru"]
[Date "2025.04.16"]
[Round "8.7"]
[White "Padmini, Rout"]
[Black "Audi Ameya"]
[Result "0-1"]
[Annotator "RC"]
[ECO "A06"]
[WhiteElo "2354"]
[BlackElo "2404"]
[PlyCount "82"]
[EventDate "2025.04.10"]
[EventType "swiss"]
[EventCountry "IND"]
[SourceTitle "playchess.com"]
[Source "ChessBase"]
[SourceQuality "1"]
[TimeControl "5400+30"]

1. Nf3 c5 2. b3 d5 3. Bb2 f6 4. d3 e5 5. Nbd2 Nc6 6. g3 Bg4 7. Bg2 Qd7 8. a3 Nh6 9. h3 Be6 10. e3 d4 11. Qe2 Be7 12. O-O Nf7 13. Kh2 O-O 14. Ng1 Rae8 15. Rae1 a6 16. Bxc6 Qxc6 17. e4 Bd6 18. a4 b5 19. axb5 axb5 20. Ra1 Ra8 21. Rxa8 Rxa8 22. Ra1 Rxa1 23. Bxa1 Qa6 24. Qd1 Nd8 25. Ngf3 Nc6 26. Ne1 Bc7 27. Bb2 Qa2 28. Qb1 Qxb1 29. Nxb1 Ba5 30. Nf3 Nb4 31. Na3 Nxc2 32. Nxc2 Bxb3 33. Na3 Bc3 34. Bc1 b4 35. Nc4 Bc2 36. Nfd2 Bxd3 37. Kg2 Bxd2 38. Nxd2 c4 39. Nxc4 Bxc4 40. Bd2 b3 41. Bc1 d3 0-1

[Event "2nd Namma Bengaluru Open-A 2025"]
[Site "Bengaluru"]
[Date "2025.04.16"]
[Round "8.8"]
[White "Nguyen, Quoc Hy"]
[Black "Podolchenko, Evgeniy"]
[Result "1/2-1/2"]
[Annotator "RC"]
[ECO "E48"]
[WhiteElo "2404"]
[BlackElo "2307"]
[PlyCount "80"]
[EventDate "2025.04.10"]
[EventType "swiss"]
[EventCountry "IND"]
[SourceTitle "playchess.com"]
[Source "ChessBase"]
[SourceQuality "1"]
[TimeControl "5400+30"]

1. c4 Nf6 2. d4 e6 3. Nc3 Bb4 4. e3 O-O 5. Bd3 Re8 6. Nge2 d5 7. O-O Bf8 8. Nf4 a6 9. cxd5 exd5 10. f3 Be6 11. Nxe6 Rxe6 12. Bf5 Re8 13. e4 g6 14. e5 gxf5 15. exf6 c6 16. Bg5 Nd7 17. Qd3 Nxf6 18. Ne2 Bg7 19. Ng3 Qb6 20. Qd2 Re6 21. Nxf5 Nd7 22. Rae1 Rae8 23. Bh6 Bf6 24. Bg7 Qd8 25. Bh6 Nf8 26. Bxf8 Kxf8 27. Kh1 Kg8 28. Nh6+ Kf8 29. Nf5 Kg8 30. Qf2 Bg7 31. Rxe6 fxe6 32. Nxg7 Kxg7 33. Qg3+ Kf7 34. Qh3 Kg7 35. Qh5 Qe7 36. Re1 Qf7 37. Qe5+ Qf6 38. f4 Qxe5 39. Rxe5 Kf7 40. g4 Rc8 1/2-1/2

[Event "2nd Namma Bengaluru Open-A 2025"]
[Site "Bengaluru"]
[Date "2025.04.16"]
[Round "8.9"]
[White "Wagh Suyog"]
[Black "Anuj Shrivatri"]
[Result "0-1"]
[Annotator "RC"]
[ECO "E29"]
[WhiteElo "2289"]
[BlackElo "2400"]
[PlyCount "166"]
[EventDate "2025.04.10"]
[EventType "swiss"]
[EventCountry "IND"]
[SourceTitle "playchess.com"]
[Source "ChessBase"]
[SourceQuality "1"]
[TimeControl "5400+30"]

1. d4 Nf6 2. c4 e6 3. Nc3 Bb4 4. a3 Bxc3+ 5. bxc3 c5 6. e3 b6 7. Bd3 Bb7 8. f3 Nc6 9. Ne2 O-O 10. O-O Ba6 11. e4 Ne8 12. f4 f5 13. exf5 exf5 14. dxc5 bxc5 15. Be3 d6 16. Re1 g6 17. Bf2 Qd7 18. Qa4 Ne5 19. Qxd7 Nxd7 20. a4 Rb8 21. a5 Nef6 22. Ng3 Rfe8 23. Red1 Rb2 24. h3 Kf7 25. Rac1 Re6 26. Nf1 Nh5 27. g3 Ndf6 28. Rb1 Rxb1 29. Rxb1 Re8 30. Nd2 Nd7 31. Bc2 Rb8 32. Rxb8 Nxb8 33. Ba4 Bb7 34. Kf1 Nf6 35. Be1 a6 36. Bc2 Nc6 37. Nb3 Nd8 38. Ke2 Bg2 39. h4 h5 40. Kd2 Nb7 41. Bd3 Bc6 42. Kc1 Be4 43. Be2 Ng8 44. Kb2 Ne7 45. Bf2 Nc6 46. Be3 Ncxa5 47. Nxa5 Nxa5 48. Ka3 Ke7 49. Ka4 Nb7 50. Bf2 Bc6+ 51. Ka3 Kd7 52. Be3 Kc7 53. Bf2 Na5 54. Be3 Bd7 55. Bg1 Be6 56. Ka4 Kb6 57. Bf2 Bxc4 58. Bf3 Bb5+ 59. Ka3 Nc4+ 60. Ka2 Nd2 61. Bd1 Ne4 62. Be1 d5 63. Kb2 Kc6 64. Bb3 Kd6 65. Bc2 Kc6 66. Bb3 Nd6 67. Bf2 Nc4+ 68. Kc1 a5 69. Bc2 a4 70. g4 a3 71. Kb1 hxg4 72. h5 gxh5 73. Bxf5 Nd2+ 74. Ka2 Ne4 75. Be1 g3 76. Bxe4 dxe4 77. Bxg3 e3 78. Kxa3 Bd3 79. Kb2 Kd5 80. Kc1 c4 81. Bh4 Ke4 82. Bg5 Kf3 83. f5 Bxf5 0-1

[Event "2nd Namma Bengaluru Open-A 2025"]
[Site "Bengaluru"]
[Date "2025.04.16"]
[Round "8.10"]
[White "Nitish Belurkar"]
[Black "Rajesh, V A V"]
[Result "1/2-1/2"]
[Annotator "RC"]
[ECO "B10"]
[WhiteElo "2441"]
[BlackElo "2331"]
[PlyCount "90"]
[EventDate "2025.04.10"]
[EventType "swiss"]
[EventCountry "IND"]
[SourceTitle "playchess.com"]
[Source "ChessBase"]
[SourceQuality "1"]
[TimeControl "5400+30"]

1. e4 c6 2. d3 d5 3. Nd2 e5 4. Ngf3 Bd6 5. g3 Nf6 6. Bg2 O-O 7. O-O Re8 8. b3 a5 9. a3 Nbd7 10. Bb2 Nf8 11. Re1 Ng6 12. d4 dxe4 13. dxe5 Nxe5 14. Nxe4 Nxf3+ 15. Bxf3 Nxe4 16. Bxe4 Bf8 17. Qf3 Be6 18. Rad1 Qg5 19. h4 Qg4 20. Qc3 Qh5 21. Rd3 Qc5 22. Qd2 Bg4 23. Rde3 Rad8 24. Bd3 Rxe3 25. Rxe3 Bf5 26. Re5 Rd5 27. Rxf5 Rxf5 28. Bxf5 Qxf5 29. a4 h6 30. Bd4 Bb4 31. Qe2 Qd5 32. Qg4 Bf8 33. Be3 f5 34. Qg6 Qd1+ 35. Kh2 Qxc2 36. Qe6+ Kh7 37. h5 Bc5 38. Qg6+ Kg8 39. Qe8+ Kh7 40. Qg6+ Kg8 41. Qe6+ Kh7 42. g4 Bxe3 43. Qg6+ Kh8 44. Qe8+ Kh7 45. Qg6+ Kh8 1/2-1/2

[Event "2nd Namma Bengaluru Open-A 2025"]
[Site "Bengaluru"]
[Date "2025.04.16"]
[Round "8.11"]
[White "Grigoryan, Karen H."]
[Black "Arnav Maheshwari"]
[Result "1-0"]
[Annotator "TA"]
[ECO "B92"]
[WhiteElo "2556"]
[BlackElo "2305"]
[PlyCount "149"]
[EventDate "2025.04.10"]
[EventType "swiss"]
[EventCountry "IND"]
[SourceTitle "playchess.com"]
[Source "ChessBase"]
[SourceQuality "1"]
[TimeControl "5400+30"]

1. e4 c5 2. Nf3 d6 3. d4 cxd4 4. Nxd4 Nf6 5. Nc3 a6 6. Be2 e5 7. Nf3 Be7 8. Bg5 Nbd7 9. a4 {[%emt 0:00:19] B92: Sicilian Najdorf: 6 Be2.} Nc5 (9... Qb6 $11 {should be considered.}) 10. Bxf6 $14 Bxf6 11. Nd2 $146 {[%emt 0:01:18] White is slightly better.} (11. Bc4 O-O 12. O-O Be7 13. a5 Kh8 14. b4 Ne6 15. Nd5 f5 16. exf5 Rxf5 17. Nd2 {1-0 Bonte,A (2223)-Raut,C (2264) ROM-ch Predeal 2006 (9)}) 11... Be6 12. Nc4 Bxc4 13. Bxc4 O-O {[%emt 0:00:45] Black is weak on the light squares} 14. O-O Bg5 15. a5 Kh8 16. b4 Ne6 17. Nd5 {[%emt 0:00:13][%csl Od5] Strong Square White (d5)} Rc8 18. Nb6 {[%emt 0:01:02][%cal Oc4e6] [#]} Rc7 19. g3 {[%emt 0:01:21] White is more active.} Re7 20. Ra3 f5 21. exf5 Rxf5 (21... Nd4 22. Rd3 Nxf5) 22. Bd5 Nd4 23. Rd3 (23. Rc3 $18 Rc7 24. Rxc7 Qxc7 25. Be4) 23... Qf8 (23... Rf8 $16 24. Bc4 Nf5) 24. Be4 $18 Rff7 25. c3 Nb5 26. Qg4 Bh6 27. Bd5 Rf5 28. Qe4 g6 29. c4 Nd4 30. Bxb7 Bd2 31. Rxd4 (31. Nc8 d5 32. Bxd5 (32. Qxd5 Ne2+ 33. Kg2 e4 $16) 32... Qxc8 33. Rxd4 (33. Rxd2 Nf3+ 34. Qxf3 Rxf3 $11) 33... Bxb4 $14) 31... exd4 32. Qxd4+ Qg7 33. Qxd2 Rxb7 34. Qxd6 Qb2 35. Nd5 Rbf7 36. Nf4 (36. Qxa6 $2 Rxf2 37. Qa8+ Kg7 $19) 36... R5f6 37. Qc5 Rf5 38. Nd5 h5 (38... Rf8 $16 {was worth a try.} 39. Qe3 Rf3) 39. Qe3 Kh7 {[%emt 0:00:00] [#] Inhibits Qh6+.} 40. f4 $1 Rf8 41. Qc3 (41. Re1 $18) 41... Qxc3 $16 42. Nxc3 {[%emt 0:00:06][%mdl 4096] Endgame KRR-KRN} Rc8 43. Ne4 (43. c5 $16) 43... Rxc4 (43... Rb8 $1 $11) 44. Nd6 $1 $18 Rxb4 45. Nxf5 gxf5 {[%emt 0:00:00] KR-KR. White is a pawn up.} 46. Re1 h4 47. Kg2 (47. gxh4 Rxf4 48. Re6 Rg4+ 49. Kh1 Rxh4 $16) 47... Rb2+ (47... Ra4 $142) 48. Kh3 Kg6 $2 (48... hxg3 49. Re7+ (49. hxg3 Ra2 $16) (49. Kxg3 Kg6 $14) 49... Kg6) 49. Re6+ (49. gxh4 Rb3+ 50. Kg2 Kh5 $11) 49... Kh5 50. Rxa6 Ra2 51. Ra8 ({Weaker is} 51. gxh4 Ra3+ 52. Kg2 Kxh4 $11) 51... hxg3 52. hxg3 Ra1 53. a6 $2 (53. Rg8 $18 Rxa5 54. Rg5+ Kh6 55. Kh4) 53... Rxa6 $1 $11 54. Rg8 {[%emt 0:01:06] Strongly threatening Rg5+.} Kh6 55. Rg5 Ra5 {[%emt 0:00:06][%mdl 8192] White leaves nothing to chance now.} (55... Rf6 $14) 56. Kh4 $18 Rb5 57. g4 Rb1 58. Rxf5 Kg6 {[%emt 0:00:26] Wards off Rf6+} 59. Ra5 {[%emt 0:00:19] White mates.} Rh1+ 60. Kg3 Rg1+ 61. Kf3 Rf1+ 62. Ke3 Re1+ 63. Kf2 Rb1 64. Ra6+ Kg7 65. Kg3 Rh1 66. f5 Kf7 67. Kf4 Rb1 68. Ra7+ Kf8 69. Kg5 Rb4 70. f6 Rc4 71. Kf5 Rb4 72. g5 Rb8 73. Kg6 Rd8 74. Rh7 Kg8 75. f7+ {[%emt 0:00:04] Weighted Error Value: White=0.30/Black=0.64  Loses game:     	---       	Black=1      Mistake:       	White=3     	Black=7      Inaccurate:     	---       	Black=5      OK:         	White=18    	Black=10     Best:        	White=6     	Black=5      Strong:       	White=1     	---} 1-0

[Event "2nd Namma Bengaluru Open-A 2025"]
[Site "Bengaluru"]
[Date "2025.04.16"]
[Round "8.12"]
[White "Setumadhav Yellumahanthi"]
[Black "Goutham Krishna H"]
[Result "0-1"]
[Annotator "RC"]
[ECO "B12"]
[WhiteElo "2300"]
[BlackElo "2449"]
[PlyCount "62"]
[EventDate "2025.04.10"]
[EventType "swiss"]
[EventCountry "IND"]
[SourceTitle "playchess.com"]
[Source "ChessBase"]
[SourceQuality "1"]
[TimeControl "5400+30"]

1. e4 c6 2. d4 d5 3. e5 Bf5 4. h4 h5 5. Bd3 Bxd3 6. Qxd3 e6 7. Nf3 Qa5+ 8. Nbd2 Nh6 9. O-O Nf5 10. a4 Qa6 11. c4 Bb4 12. b3 c5 13. Qb1 Bxd2 14. Bxd2 dxc4 15. d5 cxb3 16. Qxb3 O-O 17. Ng5 exd5 18. e6 fxe6 19. Rfe1 Nd7 20. Rxe6 Qc4 21. Qxb7 Rad8 22. Ba5 Qd4 23. Ra2 Nf6 24. Qb1 Rde8 25. Rae2 Qg4 26. Rxe8 Nxe8 27. Qe1 Nxh4 28. f4 Qxf4 29. Bd2 Qg4 30. Kh2 Nd6 31. Qb1 Ne4 0-1

[Event "2nd Namma Bengaluru Open-A 2025"]
[Site "Bengaluru"]
[Date "2025.04.16"]
[Round "8.13"]
[White "Gochelashvili, David"]
[Black "Sanikidze, Tornike"]
[Result "1/2-1/2"]
[Annotator "RC"]
[ECO "C54"]
[WhiteElo "2227"]
[BlackElo "2448"]
[PlyCount "62"]
[EventDate "2025.04.10"]
[EventType "swiss"]
[EventCountry "IND"]
[SourceTitle "playchess.com"]
[Source "ChessBase"]
[SourceQuality "1"]
[TimeControl "5400+30"]

1. e4 e5 2. Nf3 Nc6 3. Bc4 Bc5 4. c3 Nf6 5. d4 exd4 6. cxd4 Bb4+ 7. Nbd2 Nxe4 8. d5 Ne7 9. O-O Nxd2 10. Nxd2 O-O 11. a3 Ba5 12. b4 Bb6 13. d6 cxd6 14. Ne4 d5 15. Bxd5 Nxd5 16. Qxd5 d6 17. Bg5 Qd7 18. Nxd6 h6 19. Bh4 Bc7 20. Nxc8 Qxc8 21. Rac1 Qb8 22. Bg3 Bxg3 23. fxg3 a6 24. g4 Qa7+ 25. Qc5 Qxc5+ 26. Rxc5 Rac8 27. Rfc1 Rxc5 28. Rxc5 Rd8 29. Rc7 Rd1+ 30. Kf2 Ra1 31. Rxb7 Rxa3 1/2-1/2

[Event "2nd Namma Bengaluru Open-A 2025"]
[Site "Bengaluru"]
[Date "2025.04.16"]
[Round "8.14"]
[White "Mehar, Chinna Reddy C.H."]
[Black "Sri Sai Baswanth P"]
[Result "1-0"]
[Annotator "RC"]
[ECO "B45"]
[WhiteElo "2418"]
[BlackElo "2213"]
[PlyCount "53"]
[EventDate "2025.04.10"]
[EventType "swiss"]
[EventCountry "IND"]
[SourceTitle "playchess.com"]
[Source "ChessBase"]
[SourceQuality "1"]
[TimeControl "5400+30"]

1. e4 c5 2. Nf3 e6 3. d4 cxd4 4. Nxd4 Nf6 5. Nc3 Nc6 6. Nxc6 bxc6 7. e5 Nd5 8. Ne4 Qc7 9. f4 Qb6 10. a3 Ne3 11. Qd3 Nxf1 12. Rxf1 Ba6 13. c4 f5 14. exf6 d5 15. f7+ Kxf7 16. f5 h6 17. Be3 Qa5+ 18. Bd2 Qd8 19. fxe6+ Kg8 20. Rf7 dxe4 21. Qxe4 Qd6 22. Bb4 c5 23. Rd1 Qb6 24. Rdd7 Re8 25. Rxg7+ Bxg7 26. Rxg7+ Kxg7 27. Bc3+ 1-0

[Event "2nd Namma Bengaluru Open-A 2025"]
[Site "Bengaluru"]
[Date "2025.04.16"]
[Round "8.15"]
[White "Fedorov, Alexei"]
[Black "Bhoir Paras Dilip"]
[Result "1-0"]
[Annotator "RC"]
[ECO "B70"]
[WhiteElo "2396"]
[BlackElo "2085"]
[PlyCount "109"]
[EventDate "2025.04.10"]
[EventType "swiss"]
[EventCountry "IND"]
[SourceTitle "playchess.com"]
[Source "ChessBase"]
[SourceQuality "1"]
[TimeControl "5400+30"]

1. e4 c5 2. Nf3 d6 3. d4 cxd4 4. Nxd4 Nf6 5. Nc3 g6 6. g3 Nc6 7. Nxc6 bxc6 8. Bg2 Qc7 9. b3 Bg7 10. Bb2 O-O 11. O-O Rd8 12. Re1 e5 13. Na4 Bg4 14. Qd3 Re8 15. h3 Be6 16. Rad1 Rad8 17. c4 Qc8 18. Qf1 Nh5 19. Kh2 Qc7 20. Qe2 f5 21. exf5 Bxf5 22. Qf3 e4 23. Qe3 d5 24. Bd4 Bxd4 25. Rxd4 Ng7 26. cxd5 cxd5 27. Qc3 Qe5 28. f4 Qb8 29. Red1 Be6 30. Nc5 Bf7 31. Rb4 Qc8 32. Rb7 Rf8 33. Qa5 Ne6 34. Nxe6 Qxe6 35. Rxa7 Rc8 36. Qd2 Rc5 37. b4 Rc4 38. Bf1 e3 39. Qb2 e2 40. Bxe2 Rxb4 41. Qd2 Rfb8 42. Ra6 Qe7 43. Rc6 Rb2 44. Rc2 Rxc2 45. Qxc2 Qe3 46. Bf1 h5 47. h4 Qa3 48. Rd2 Re8 49. Bg2 Re3 50. Bxd5 Rxg3 51. Bxf7+ Kg7 52. Bb3 Rg4 53. Qc3+ Kf8 54. Qf6+ Ke8 55. Rd8# 1-0